 Dungeon Crawl Stone Soup version 0.20.0-15-g7f486f2 (webtiles) character file.

112268 mopl the Unseen (level 16, -7/109 HPs)
             Began as a Demonspawn Assassin on June 10, 2017.
             Was the Champion of Hepliaklqana.
             Collided with a rock wall (11 damage)
             ... caused by a merfolk aquamancer
             ... on level 2 of the Shoals on June 12, 2017.
             The game lasted 01:20:55 (30904 turns).

mopl the Unseen (Demonspawn Assassin)              Turns: 30904, Time: 01:20:56

Health: -7/109     AC: 10    Str: 13    XL:     16   Next: 11%
Magic:  0/26       EV: 25    Int: 12    God:    Hepliaklqana [******]
Gold:   1383       SH: 16    Dex: 21    Spells: 11/15 levels left

rFire    + + .     SeeInvis .   a - +1 short sword (elec)
rCold    . . .     Gourm    .   H - +2 buckler {reflect}
rNeg     + + .     Faith    .   Q - +2 robe {MR+}
rPois    +         Spirit   +   (helmet restricted)
rElec    .         Reflect  +   D - scarf {Spirit}
rCorr    .         Harm     .   j - +2 pair of gloves
MR       ++...                  Z - +2 pair of boots
Stlth    +++++++++.             (no amulet)
Regen    0.3/turn               d - ring "Icekasit" {rPois rF++ rN+}
MPRegen  0.2/turn               L - +5 ring of evasion

@: no status effects
A: reduced essence, horns 2, large bone plates 3, negative energy resistance 1,
nightstalker 2, powered by death 1, 50% torment resistance, black mark
a: Recall Ancestor, Ancestor Identity, Transference, Idealise, Renounce Religion


You were on level 2 of the Shoals.
You worshipped Hepliaklqana.
Hepliaklqana was exalted by your worship.
You were not hungry.

You visited 5 branches of the dungeon, and saw 26 of its levels.
You also visited: Sewer and Volcano.

You collected 2442 gold pieces.
You spent 1059 gold pieces at shops.

Inventory:

Hand Weapons
 a - a +1 short sword of electrocution (weapon)
 b - a +2 blowgun
 v - a +3 scimitar of flaming
Missiles
 c - 29 javelins
 e - 116 poisoned needles
 f - 2 curare-tipped needles
 h - 4 throwing nets
 p - 5 poisoned javelins (quivered)
 q - 26 tomahawks
 R - 7 needles of paralysis
 S - 3 needles of sleeping
Armour
 j - a +2 pair of gloves (worn)
 D - a scarf of spirit shield (worn)
 H - a +2 buckler of reflection (worn)
 N - a +2 buckler of fire resistance
 Q - a +2 robe of magic resistance (worn)
 Z - a +2 pair of boots (worn)
Jewellery
 d - the ring "Icekasit" (left hand) {rPois rF++ rN+}
   (You bought it in a shop on level 2 of the Orcish Mines)

   [ring of poison resistance]

   It greatly protects you from fire.
   It protects you from poison.
   It protects you from negative energy.
 u - a +3 ring of slaying
 L - a +5 ring of evasion (right hand)
 P - the ring "Buhoghoz" {Ice rElec}
   (You found it on level 2 of the Lair of Beasts)

   [ring of ice]

   It enhances your ice magic.
   It makes you vulnerable to fire.
   It protects you from cold.
   It insulates you from electricity.
 W - the ring of Wubuy {rC+ Int+6}
   (You found it on level 9 of the Dungeon)

   [ring of protection from cold]

   It affects your intelligence (+6).
   It protects you from cold.
Wands
 i - a wand of polymorph (8/24)
 m - a wand of iceblast (1/15)
 w - a wand of enslavement (10/24)
 x - a wand of disintegration (14/24)
 y - a wand of lightning (5/15)
 A - a wand of acid (8/15)
 K - a wand of confusion (28/48)
Scrolls
 n - 7 scrolls of remove curse
 t - 9 scrolls of teleportation
 z - 2 scrolls of vulnerability
 B - 8 scrolls of fear
 C - 2 scrolls of fog
 F - a scroll of recharging
 G - a scroll of blinking
 I - 5 scrolls of immolation
 J - 2 scrolls of magic mapping
 Y - a scroll of enchant armour
Potions
 k - 7 potions of haste
 l - 12 potions of curing
 o - 2 potions of ambrosia
 r - 3 potions of agility
 s - a potion of might
 E - 4 potions of lignification {!q}
 M - a potion of resistance
 T - 6 potions of berserk rage {!q}
 V - 3 potions of heal wounds
 X - 2 potions of flight
Miscellaneous
 O - a sack of spiders
Comestibles
 g - 21 bread rations


   Skills:
 + Level 10.0 Fighting
 + Level 10.8 Short Blades
 + Level 10.8 Throwing
 + Level 9.0 Dodging
 * Level 16.4 Stealth
 - Level 4.0 Shields
 + Level 14.2 Invocations


You had 11 spell levels left.
You knew the following spells:

 Your Spells              Type           Power        Failure   Level  Hunger
a - Apportation           Tloc           #.....       32%         1    ##.....
e - Blink                 Tloc           N/A          45%         2    ###....
x - Animate Skeleton      Necr           N/A          32%         1    ##.....


Dungeon Overview and Level Annotations

Branches:
Dungeon (15/15)            Temple (1/1) D:4            Lair (6/6) D:10
 Shoals (2/4) Lair:2        Snake (0/4) Lair:3        Slime (0/5) Lair:6
    Orc (2/2) D:12            Elf (0/3) Orc:2        Vaults (0/5) D:13
 Depths (0/5) D:15

Altars:
Ashenzari
Dithmenos
Fedhas
Hepliaklqana
Nemelex Xobeh
Okawaru
Ru
Sif Muna
Trog
Vehumet
The Shining One

Shops:
D:10 (   D:11 [   Orc:1 }   Orc:2 =*[(

Annotations:
D:1 fly


Innate Abilities, Weirdness & Mutations

You have a pair of horns on your head.
You are completely covered in large bone plates. (SH +8)
You resist negative energy. (rN+)
You are significantly more attuned to the shadows.
You regenerate a little health from kills.
You are somewhat able to resist unholy torments (1 in 2 success).
Your melee attacks may debilitate your foes.
Your life essence is reduced. (-10% HP)


Message History

The merfolk barely misses you.
Unknown command.
You completely miss the water elemental.
The water elemental is almost destroyed.
The water elemental completely misses you.
A merfolk impaler comes into view. It is wielding a trident.
Unknown command.
You barely miss the water elemental.
The water elemental is almost destroyed.
The merfolk hits you from afar with a trident!!
Unknown command.
You hit the water elemental but do no damage.
The water elemental is almost destroyed.
You block the water elemental's attack.
The merfolk aquamancer points at you and mumbles some strange words.
The torrent of water hits you!
* * * LOW HITPOINT WARNING * * *
You are knocked back by the torrent of water.
You slam into the rock wall!
You die...

...#..≈≈≈≈≈≈≈≈≈
≈≈≈≈...≈≈≈≈≈≈≈≈≈
≈≈≈≈≈)≈≈≈≈≈≈≈≈≈≈≈≈≈≈≈≈≈≈
≈≈≈≈≈≈≈≈)≈≈≈≈≈≈≈≈≈≈≈≈≈≈≈
≈≈≈m≈≈≈≈≈≈≈≈≈≈≈≈≈≈≈≈≈≈≈≈
≈≈≈≈≈≈≈...≈≈≈≈≈≈≈≈≈≈≈≈≈≈
≈≈≈≈≈≈.###.≈≈≈≈≈≈≈≈≈≈≈≈.
≈≈≈≈≈..###..≈≈≈≈≈≈≈≈≈≈..
≈≈≈≈≈≈≈.@#..≈≈≈≈≈≈≈≈≈≈≈..
≈≈≈≈≈≈≈≈≈.Em§≈≈≈≈≈≈≈≈≈....
≈≈≈≈≈≈≈≈≈m≈≈≈≈≈≈≈≈≈≈≈....#
≈≈≈≈≈≈≈≈≈≈≈≈≈≈≈≈≈≈......##
≈≈≈≈≈≈≈≈≈≈≈≈≈≈≈≈≈≈......##
≈≈≈≈≈≈≈≈≈≈≈≈≈≈≈≈≈≈≈≈≈...##
≈≈≈≈≈≈....≈≈≈≈≈≈.≈≈≈......
≈≈≈≈≈.##..≈.....≈≈≈.......
≈≈≈≈≈.....≈≈≈..≈≈≈≈≈...≈≈.


You could see a merfolk impaler, a merfolk aquamancer, a merfolk and a water
elemental.

Vanquished Creatures
  An orc warlord (Orc:1)
  Aizul (Shoals:1)
  The ghost of Quirk the Fencer, a journeyman VSFi of Makhleb (D:15)
  Azrael (D:13)
  2 merfolk javelineers (Shoals:1)
  2 merfolk impalers (Shoals:1)
  Fannar (Orc:1)
  8 hydras
  Erolcha (D:9)
  4 vault guards
  6 two-headed ogres
  5 centaur warriors
  2 merfolk avatars (Shoals:1)
  2 merfolk aquamancers
  3 tengu warriors
  Nergalle (D:11)
  4 orc high priests
  3 fire crabs
  A hell knight (Volcano)
  A sea snake (shapeshifter) (D:15)
  2 unseen horrors
  2 sea snakes (Shoals:1)
  A deep elf archer (D:15)
  Pikel (D:5)
  The ghost of Gorglomux the Thaumaturge, a novice DEFE of Vehumet (D:7)
  4 orc knights
  8 ugly things
  2 deep elf magi (D:14)
  5 fauns (Shoals:1)
  3 cyclopes
  4 manticores
  4 orc sorcerers
  10 elephants
  2 black mambas
  A gargoyle (D:13)
  A smoke demon (Volcano)
  15 spiny frogs
  4 komodo dragons
  2 kobold demonologists (D:12)
  A rime drake (Lair:3)
  3 tengu conjurers
  A redback zombie (D:14)
  4 meliai
  A red devil (Volcano)
  3 wind drakes (Shoals:1)
  4 trolls
  12 merfolk
  A queen bee (Lair:4)
  2 polar bears (Lair:6)
  A slime creature (D:13)
  A hornet (shapeshifter) (D:14)
  4 snapping turtles
  9 dream sheep
  4 blink frogs
  4 hornets
  A meliai zombie (D:12)
  9 hippogriffs
  9 spriggans
  2 wraiths (D:15)
  4 wyverns
  3 water elementals
  5 basilisks
  14 yaks
  2 fire bats (Shoals:1)
  7 vampire mosquitoes
  A steam dragon (Lair:4)
  2 fire elementals (D:12)
  A hungry ghost (D:14)
  4 wargs
  3 nagas (Lair:3)
  4 hell hounds
  15 water moccasins
  10 porcupines
  2 slaves (D:5)
  2 ice beasts
  3 sky beasts
  31 orc warriors
  A phantom (D:9)
  2 black bears
  A necrophage (D:8)
  3 boggarts (Lair:6)
  19 wolves
  9 ogres
  10 crocodiles
  13 centaurs
  4 big kobolds
  18 bullfrogs
  A water moccasin zombie (D:7)
  2 water moccasin skeletons
  13 killer bees
  3 scorpions
  7 wights
  14 howler monkeys
  2 crimson imps (D:14)
  A bullfrog zombie (D:9)
  4 lava snakes (Lair:2)
  7 jellies
  4 centaur zombies
  7 hounds
  14 orc priests
  A bullfrog skeleton (D:9)
  19 orc wizards
  5 centaur skeletons
  2 gnoll shamans
  Ijyb (D:3)
  Jessica (D:2)
  5 iguanas
  9 worker ants
  Natasha (thrice) (D:2)
  A hound skeleton (D:7)
  2 hound zombies (D:10)
  A worker ant zombie (D:11)
  8 gnolls
  17 adders
  3 river rats (D:5)
  2 shadow imps
  2 oozes (D:1)
  An adder skeleton (D:4)
  An adder zombie (D:6)
  4 worms
  2 dart slugs
  12 leopard geckos
  73 orcs
  8 bats
  5 giant cockroaches
  9 goblins
  5 hobgoblins
  9 jackals
  19 kobolds
  4 quokkas
  3 ball pythons
  10 frilled lizards
  A quokka zombie (D:5)
  10 rats
  A plant (Lair:6)
729 creatures vanquished.

Vanquished Creatures (collateral kills)
  An ettin (D:15)
  A merfolk avatar (Shoals:1)
  A tengu warrior (D:14)
  A sea snake (Shoals:1)
  An orc knight (Orc:2)
  2 fauns (Shoals:1)
  An ugly thing (D:14)
  A deep elf mage (D:15)
  3 elephants
  A cyclops (Shoals:2)
  A black mamba (Lair:5)
  A spiny frog (Lair:3)
  A rime drake (Lair:6)
  2 komodo dragons
  A kobold demonologist (D:12)
  A meliai (D:14)
  3 dream sheep
  A hippogriff (D:13)
  A blink frog (Lair:4)
  5 yaks
  4 spriggans (Lair:6)
  2 wyverns
  2 basilisks
  A fire elemental (D:12)
  Edmund (D:5)
  2 water moccasins
  2 orc warriors (Orc:2)
  3 black bears (Lair:6)
  An ogre (D:8)
  A centaur (D:15)
  A wolf (Lair:6)
  2 crocodiles
  A big kobold (D:13)
  A bullfrog (D:14)
  3 killer bees (Lair:4)
  A crimson imp (D:6)
  2 hounds
  A jelly (D:12)
  5 orc priests
  5 orc wizards
  A worker ant (D:4)
  A hound skeleton (D:6)
  2 gnolls
  A worm (D:5)
  9 orcs
  2 ball pythons (Sewer)
  2 jackals (D:5)
  A quokka (D:5)
  A bat (Orc:2)
  A kobold (D:12)
  A quokka skeleton (D:4)
  A plant (Shoals:1)
94 creatures vanquished.

Vanquished Creatures (others)
  A merfolk aquamancer (Shoals:2)
  An unseen horror (D:15)
  A faun (Shoals:1)
  Grinder (D:5)
  A slave (D:5)
  An iguana (D:5)
  20 hexers
  6 ancestors
  A giant cockroach zombie (D:5)
  A rat (D:5)
  16 fungi
  5 plants
  4 tentacles (Shoals:1)
59 creatures vanquished.

Grand Total: 882 creatures vanquished

Notes
Turn   | Place    | Note
-------+----------+-------------------------------------------
     0 | D:1      | mopl the Demonspawn Assassin began the quest for the Orb.
     0 | D:1      | Reached XP level 1. HP: 16/16 MP: 1/1
   200 | D:1      | Reached skill level 2 in Short Blades
   200 | D:1      | Reached skill level 2 in Throwing
   200 | D:1      | Gained mutation: You regenerate a little health from kills. [demonic ancestry]
   200 | D:1      | Reached XP level 2. HP: 17/22 MP: 2/2
   426 | D:1      | Reached skill level 4 in Stealth
   682 | D:1      | Gained mutation: You are partially covered in large bone plates. (SH +4) [demonic ancestry]
   682 | D:1      | Reached XP level 3. HP: 5/27 MP: 3/3
  1216 | D:2      | Noticed Natasha
  1229 | D:2      | HP: 1/27 [Natasha (6)]
  1231 | D:2      | Killed Natasha
  1231 | D:2      | Gained mutation: You have a pair of small horns on your head. [demonic ancestry]
  1231 | D:2      | Reached XP level 4. HP: 2/33 MP: 4/4
  1582 | D:2      | Noticed Jessica
  1588 | D:2      | Killed Jessica
  1605 | D:2      | Reached skill level 5 in Stealth
  1750 | D:2      | Noticed Natasha
  1761 | D:2      | Killed Natasha
  1761 | D:2      | Gained mutation: You are slightly more attuned to the shadows. [demonic ancestry]
  1761 | D:2      | Reached XP level 5. HP: 27/38 MP: 5/5
  1858 | D:2      | Noticed Natasha
  2069 | D:2      | Killed Natasha
  2493 | D:3      | Noticed Ijyb
  2547 | D:3      | Killed Ijyb
  2547 | D:3      | Reached skill level 3 in Throwing
  2653 | D:3      | Reached skill level 3 in Short Blades
  2733 | D:3      | Found an iron altar of Okawaru.
  2948 | D:3      | Found a shattered altar of Ashenzari.
  3039 | D:3      | Found an iron altar of Okawaru.
  3143 | D:3      | Reached XP level 6. HP: 26/44 MP: 6/6
  3478 | D:4      | Found a sparkling altar of Nemelex Xobeh.
  3493 | D:4      | Reached skill level 6 in Stealth
  3529 | D:4      | Found a staircase to the Ecumenical Temple.
  3604 | Temple   | Entered the Ecumenical Temple
  3644 | Temple   | Became a worshipper of Hepliaklqana the Forgotten
  3780 | D:4      | Reached skill level 1 in Invocations
  3787 | D:4      | Gained mutation: You are mostly covered in large bone plates. (SH +6) [demonic ancestry]
  3787 | D:4      | Reached XP level 7. HP: 44/45 MP: 7/7
  3995 | D:4      | Reached skill level 2 in Invocations
  4267 | D:5      | Entered Level 5 of the Dungeon
  4504 | D:5      | Noticed Pikel
  4505 | D:5      | Noticed Grinder
  4611 | D:5      | Killed Pikel
  4611 | D:5      | Reached skill level 4 in Short Blades
  4611 | D:5      | Reached skill level 4 in Throwing
  4611 | D:5      | Reached skill level 7 in Stealth
  4611 | D:5      | Reached skill level 4 in Invocations
  4611 | D:5      | Reached XP level 8. HP: 10/50 MP: 6/11
  4628 | D:5      | Killed Grinder
  4706 | D:5      | Found a glowing drain.
  4713 | Sewer    | Entered a sewer
  4892 | Sewer    | Reached skill level 8 in Stealth
  5291 | D:5      | Reached * piety under Hepliaklqana
  5342 | D:5      | Reached skill level 5 in Invocations
  5374 | D:5      | Noticed Edmund
  5409 | D:5      | Killed Edmund
  5409 | D:5      | Reached skill level 5 in Short Blades
  5409 | D:5      | Reached skill level 5 in Throwing
  6099 | D:6      | Gained mutation: You have a pair of horns on your head. [demonic ancestry]
  6099 | D:6      | Reached XP level 9. HP: 54/54 MP: 13/13
  6192 | D:6      | Reached skill level 9 in Stealth
  7035 | D:7      | Noticed Gorglomux's ghost (novice DEFE)
  7037 | D:7      | Found a glowing golden altar of the Shining One.
  7067 | D:7      | Killed Gorglomux's ghost
  7067 | D:7      | Reached skill level 6 in Invocations
  7157 | D:7      | Found a blossoming altar of Fedhas.
  7211 | D:7      | Found a shadowy altar of Dithmenos.
  7213 | D:7      | Found a radiant altar of Vehumet.
  7228 | D:7      | Found a glowing golden altar of the Shining One.
  7248 | D:7      | Found a deep blue altar of Sif Muna.
  7401 | D:7      | Reached skill level 6 in Short Blades
  7647 | D:7      | Reached ** piety under Hepliaklqana
  7648 | D:7      | Remembered your ancestor Taribatum as a hexer
  7678 | D:7      | Reached skill level 10 in Stealth
  7747 | D:8      | Reached skill level 6 in Throwing
  7747 | D:8      | Reached skill level 1 in Dodging
  7747 | D:8      | Reached skill level 7 in Invocations
  8362 | D:8      | Gained mutation: You are significantly more attuned to the shadows. [demonic ancestry]
  8362 | D:8      | Reached XP level 10. HP: 61/61 MP: 15/15
  8661 | D:9      | Found a sacrificial altar of Ru.
  8701 | D:9      | Noticed Erolcha
  8704 | D:9      | Killed Erolcha
  8747 | D:9      | Reached skill level 3 in Fighting
  8747 | D:9      | Reached skill level 2 in Dodging
  8814 | D:9      | Got a heavy robe
  8825 | D:9      | Identified the cursed +0 robe "Puuneexu" {rC- rN+++ rCorr Str-5} (You found it on level 9 of the Dungeon)
  9131 | D:9      | Reached *** piety under Hepliaklqana
  9256 | D:9      | Got a steaming brass ring
  9258 | D:9      | Identified the ring of Wubuy {rC+ Int+6} (You found it on level 9 of the Dungeon)
  9484 | D:10     | Entered Level 10 of the Dungeon
  9531 | D:10     | Reached skill level 8 in Invocations
  9534 | D:10     | Found a staircase to the Lair.
  9583 | Lair:1   | Entered Level 1 of the Lair of Beasts
  9658 | D:10     | Reached skill level 3 in Dodging
  9769 | D:10     | Noticed a two-headed ogre
  9776 | D:10     | Killed a two-headed ogre
  9776 | D:10     | Reached skill level 11 in Stealth
  9813 | D:10     | Learned a level 1 spell: Apportation
  9815 | D:10     | Learned a level 1 spell: Animate Skeleton
  9846 | D:10     | Reached skill level 4 in Fighting
 10050 | D:10     | Gained mutation: You are completely covered in large bone plates. (SH +8) [demonic ancestry]
 10050 | D:10     | Reached XP level 11. HP: 69/69 MP: 17/17
 10218 | D:10     | Found Ebaikkua's Weapon Emporium.
 10233 | D:10     | You fall through a shaft!
 10431 | D:10     | Reached skill level 7 in Short Blades
 10837 | Lair:1   | Reached **** piety under Hepliaklqana
 11009 | Lair:1   | Reached skill level 7 in Throwing
 11568 | Lair:2   | Got a translucent wooden ring
 11573 | Lair:2   | Identified the ring "Buhoghoz" {Ice rElec} (You found it on level 2 of the Lair of Beasts)
 11707 | Lair:2   | Found a staircase to the Shoals.
 11711 | Lair:2   | Reached skill level 4 in Dodging
 11716 | Lair:2   | Reached skill level 5 in Fighting
 11743 | Lair:2   | Reached skill level 9 in Invocations
 11761 | Lair:2   | Reached skill level 12 in Stealth
 12236 | Lair:3   | Found a staircase to the Snake Pit.
 12495 | Lair:3   | Found a dark tunnel.
 12508 | Volcano  | Entered a volcano
 12522 | Volcano  | Noticed a hell knight
 12549 | Volcano  | Killed a hell knight
 12923 | Volcano  | Noticed a red ugly thing
 12931 | Volcano  | Killed a red ugly thing
 12931 | Volcano  | Reached XP level 12. HP: 78/78 MP: 19/19
 13515 | Lair:3   | Reached skill level 8 in Throwing
 13614 | Lair:1   | Reached skill level 6 in Fighting
 13632 | Lair:1   | Reached skill level 10 in Invocations
 13738 | Lair:4   | Reached skill level 8 in Short Blades
 13836 | Lair:4   | Reached skill level 5 in Dodging
 14389 | Lair:4   | Reached skill level 13 in Stealth
 14545 | Lair:4   | Noticed an eight-headed hydra
 14549 | Lair:4   | Killed an eight-headed hydra
 14583 | Lair:4   | Reached ***** piety under Hepliaklqana
 14849 | Lair:4   | Noticed a seven-headed hydra
 14919 | Lair:4   | Killed a seven-headed hydra
 15506 | Lair:5   | Gained mutation: You resist negative energy. (rN+) [demonic ancestry]
 15506 | Lair:5   | Reached XP level 13. HP: 64/85 MP: 12/21
 15536 | Lair:5   | Reached skill level 11 in Invocations
 15569 | Lair:5   | Reached skill level 7 in Fighting
 15807 | Lair:5   | Learned a level 2 spell: Blink
 15992 | Lair:6   | Entered Level 6 of the Lair of Beasts
 16083 | Lair:6   | Reached skill level 6 in Dodging
 16567 | Lair:6   | Found a staircase to the Slime Pits.
 16681 | Lair:6   | Reached skill level 9 in Short Blades
 17007 | Lair:6   | Reached skill level 14 in Stealth
 17135 | Lair:6   | Reached skill level 9 in Throwing
 17536 | Lair:6   | Reached skill level 1 in Shields
 18220 | Lair:6   | Reached skill level 12 in Invocations
 18681 | D:11     | Reached skill level 2 in Shields
 18780 | D:11     | Noticed Nergalle
 18788 | D:11     | Killed Nergalle
 18788 | D:11     | Reached skill level 8 in Fighting
 18902 | D:11     | Found Issonko's Armour Boutique.
 19012 | D:11     | Reached XP level 14. HP: 94/94 MP: 23/23
 19422 | D:12     | Found a staircase to the Orcish Mines.
 20335 | D:12     | Reached ****** piety under Hepliaklqana
 20470 | Orc:1    | Entered Level 1 of the Orcish Mines
 20656 | Orc:1    | Noticed Fannar
 20742 | Orc:1    | Killed Fannar
 20742 | Orc:1    | Reached skill level 7 in Dodging
 20800 | Orc:1    | Found Hosi's Quality Used Wands.
 21018 | Orc:2    | Entered Level 2 of the Orcish Mines
 21274 | Orc:2    | Found a staircase to the Elven Halls.
 21587 | Orc:2    | Reached skill level 3 in Shields
 22044 | Orc:2    | Noticed an orc warlord
 22263 | Orc:1    | Killed an orc warlord
 22534 | Orc:2    | Reached skill level 15 in Stealth
 22801 | Orc:2    | Found Xeops's General Store.
 22801 | Orc:2    | Found Boamibb's Antique Armour Emporium.
 22801 | Orc:2    | Found Ipupnatt's Jewellery Shoppe.
 22805 | Orc:2    | Bought a scroll of fear for 52 gold pieces
 22810 | Orc:2    | Found Dyizelul's Antique Weapon Emporium.
 22946 | Orc:2    | Bought a pair of glowing boots for 187 gold pieces
 22946 | Orc:2    | Bought a pair of runed gloves for 187 gold pieces
 22988 | Orc:2    | Bought the ring "Icekasit" {rPois rF++ rN+} for 633 gold pieces
 23310 | D:13     | Got a crude robe
 23321 | D:13     | Identified the +1 robe of Filth {Regen+} (You found it on level 13 of the Dungeon)
 23374 | D:13     | Found a gate to the Vaults.
 24077 | D:13     | Reached skill level 13 in Invocations
 24271 | D:13     | Reached skill level 4 in Shields
 24361 | D:13     | Noticed Azrael
 24373 | D:13     | Killed Azrael
 24373 | D:13     | Reached skill level 9 in Fighting
 25438 | D:14     | Reached skill level 10 in Throwing
 25444 | D:14     | Reached skill level 10 in Short Blades
 25445 | D:14     | Gained mutation: You are somewhat able to resist unholy torments (1 in 2 success). [demonic ancestry]
 25445 | D:14     | Reached XP level 15. HP: 101/101 MP: 24/24
 26168 | D:14     | Reached skill level 8 in Dodging
 26175 | D:15     | Entered Level 15 of the Dungeon
 26193 | D:15     | Noticed Quirk's ghost (journeyman VSFi)
 26206 | D:15     | Killed Quirk's ghost
 27234 | D:15     | Found a staircase to the Depths.
 27415 | D:15     | Identified the cursed +1 ring mail of Anaesthesia {rPois rC+++ MP-9 Str-4} (You found it on level 15 of the Dungeon)
 27967 | Shoals:1 | Entered Level 1 of the Shoals
 28509 | Shoals:1 | Reached skill level 16 in Stealth
 28701 | Shoals:1 | Noticed Aizul
 28737 | Shoals:1 | Killed Aizul
 29470 | Shoals:1 | Reached skill level 14 in Invocations
 29637 | Shoals:1 | Noticed a kraken
 30290 | Shoals:1 | Reached skill level 10 in Fighting
 30290 | Shoals:1 | Gained mutation: Your melee attacks may debilitate your foes. [demonic ancestry]
 30290 | Shoals:1 | Reached XP level 16. HP: 99/109 MP: 16/26
 30329 | Shoals:1 | Got a brightly glowing glaive
 30335 | Shoals:1 | Identified the +7 glaive "Ciaddethao" {protect, Str+6 SInv} (You found it on level 1 of the Shoals)
 30886 | Shoals:2 | Reached skill level 9 in Dodging
 30904 | Shoals:2 | HP: 4/109 [merfolk aquamancer/torrent of water (30)]
 30904 | Shoals:2 | Collided with a rock wall

Skill      XL: |  1  2  3  4  5  6  7  8  9 10 11 12 13 14 15 16 |
---------------+-------------------------------------------------+-----
Short Blades   | 2 3 4 5 6 7 8 9 10 | 10.8
Throwing       | 2 3 4 5 6 7 8 9 10 | 10.8
Stealth        | 4 5 6 7 8 10 11 12 13 14 15 16 | 16.4
Invocations    | 1 4 5 7 8 9 10 12 13 14 | 14.2
Dodging        | 1 3 4 5 6 7 8 9 |  9.0
Fighting       | 4 5 6 8 9 10 | 10.0
Shields        | 2 4 |  4.0

Action                   |  1- 3 |  4- 6 |  7- 9 | 10-12 | 13-15 | 16-18 || total
-------------------------+-------+-------+-------+-------+-------+-------++-------
Melee: Dagger            |   115 |   204 |   490 |    28 |       |       ||   837
       Headbutt          |       |    34 |   111 |   123 |   364 |    17 ||   649
       Long sword        |       |       |    50 |       |       |       ||    50
       Short sword       |       |       |       |   584 |  1744 |    70 ||  2398
       Rapier            |       |       |       |       |     8 |       ||     8
 Fire: Blowgun           |       |     1 |    12 |       |    24 |       ||    37
       Hunting sling     |       |    87 |       |       |       |       ||    87
Throw: Stone             |       |     1 |       |     6 |     9 |       ||    16
       Javelin           |       |       |       |       |    17 |       ||    17
       Throwing net      |       |       |       |       |     1 |       ||     1
 Cast: Apportation       |       |       |       |     2 |       |       ||     2
Invok: Recall Ancestor   |       |       |     1 |     2 |    14 |     1 ||    18
       Ancestor Life: He |       |       |     1 |       |       |       ||     1
       Idealise          |       |       |       |     3 |     1 |       ||     4
       Transference      |       |       |       |       |     1 |       ||     1
Evoke: Wand              |       |       |     2 |     1 |     2 |       ||     5
  Use: Scroll            |       |    10 |     3 |     8 |    14 |     1 ||    36
       Potion            |       |       |     2 |       |     1 |       ||     3
 Stab: Sleeping          |     1 |     6 |    30 |    65 |    73 |     6 ||   181
       Distracted        |       |       |       |     5 |    30 |       ||    35
       Paralysed         |       |       |       |     1 |    16 |     1 ||    18
       Confused          |       |       |       |     4 |    19 |     1 ||    24
       Held in net/web   |       |       |       |       |     3 |       ||     3
  Eat: Chunk             |     1 |     8 |    15 |    22 |    32 |       ||    78
       Royal jelly       |       |       |       |     1 |     1 |       ||     2
       Bread ration      |       |       |       |       |     2 |       ||     2
       Meat ration       |       |       |       |       |     1 |       ||     1
       Fruit             |       |       |       |       |     2 |       ||     2
Armor: Robe              |    34 |    65 |   113 |    70 |   172 |     3 ||   457
       Skin              |       |       |    31 |       |       |       ||    31
Dodge: Dodged            |    68 |   108 |   187 |   308 |   790 |    28 ||  1489
Block: Other             |     5 |    52 |   101 |   163 |   159 |       ||   480
       Buckler           |       |       |       |       |   622 |    44 ||   666
       Reflection        |       |       |       |       |    22 |    10 ||    32
       Rpst.: Long sword |       |       |     1 |       |       |       ||     1
